Devils vs Blackhawks

Created - 23 octobre 2017 at 18:04

Goals
1 2 3 T
Devils 0 1 1 2
Blackhawks 2 2 1 5
Shots
1 2 3 T
Devils 14 6 19 39
Blackhawks 15 8 8 31

1st period

1. Blackhawks , Henrik Zetterberg 4 (Andrei Markov 4, Zach Parise 3) at 0:12
2. Blackhawks , Sven Andrighetto 2 (Brett Connolly 3, Johan Larsson 2) at 3:56

Penalties :
No Penalty

2nd period

3. Devils , Andrew Cogliano 2 (Brayden Point 1, Tomas Hertl 3) at 0:37
4. Blackhawks , Zach Parise 3 (Henrik Zetterberg 3, Alexander Steen 5) at 0:54
5. Blackhawks , Eric Staal 3 (Alexander Steen 6) at 1:08 (PP)

Penalties :
Nazem Kadri (NJD) for Interference (Minor) at 1:03, Chris Kunitz (CHI) for Slashing (Minor) at 16:29

3rd period

6. Blackhawks , Eric Staal 4 (Vladislav Namestnikov 3) at 11:16
7. Devils , Jannik Hansen 2 (Dominic Moore 1, Linden Vey 2) at 15:41

Penalties :
Ben Lovejoy (NJD) for Hooking (Minor) at 1:34, Ben Lovejoy (NJD) for Hooking (Minor) at 5:49, Ryan Ellis (CHI) for Roughing (Minor) at 5:55, Conor Sheary (NJD) for Tripping (Minor) at 11:59

Goalie Stats

Steve Mason (NJD), 14 saves from 18 shots - (0,778), L, 0-4-0, 21:08 minutes
Scott Darling (NJD), 12 saves from 13 shots - (0,923), 38:52 minutes
Frederik Andersen (CHI), 37 saves from 39 shots - (0,949), W, 3-3-0, 60:00 minutes

Players Stats for Devils

Player Name              G  A  P  +/- PIM S  H  SB GA TA FO     MP     PP MP  PK MP  
------------------------------------------------------------------------------------
Andrew Cogliano          1  0  1   0  0   2  0  1  0  0  1/6    14:50   0:00   2:28 
Ben Lovejoy              0  0  0   0  4   1  2  4  0  2  0/0    19:24   0:06   1:02 
Brayden Point            0  1  1   0  0   4  1  0  1  0  5/11   13:53   0:06   0:59 
Conor Sheary             0  0  0  -1  2   3  1  0  0  0  0/1    16:38   0:55   0:15 
Dmitry Kulikov           0  0  0   1  0   2  1  0  0  0  0/0    15:28   0:00   0:00 
Dominic Moore            0  1  1   0  0   0  1  0  1  0  0/1     7:17   0:00   0:25 
Jannik Hansen            1  0  1   0  0   3  1  0  0  0  1/1     7:44   0:00   0:52 
Jeff Skinner             0  0  0  -1  0   3  1  0  1  0  4/13   16:07   0:55   0:00 
Jon Merrill              0  0  0   1  0   0  2  1  0  2  0/0    19:50   0:42   1:32 
Linden Vey               0  1  1   0  0   1  1  0  0  0  1/1     7:44   0:00   0:52 
Matt Hunwick             0  0  0   0  0   0  0  3  0  0  0/0    22:32   0:42   2:37 
Nazem Kadri              0  0  0  -1  2   4  4  0  0  0  13/29  19:08   1:04   0:00 
Nick Holden              0  0  0  -3  0   0  1  0  0  1  0/0    21:21   1:23   1:32 
Shea Weber               0  0  0  -3  0   8  0  4  0  1  0/0    21:46   1:23   1:35 
T.J. Oshie               0  0  0  -1  0   3  3  3  1  0  2/2    19:09   1:04   0:00 
Tanner Pearson           0  0  0  -1  0   1  1  1  0  1  0/0    16:56   0:55   0:00 
Tomas Hertl              0  1  1   0  0   2  1  1  1  1  1/1    15:04   0:06   2:27 
Tyler Johnson            0  0  0  -1  0   2  2  0  0  1  1/3    19:03   1:04   0:00 

Players Stats for Blackhawks

Player Name              G  A  P  +/- PIM S  H  SB GA TA FO     MP     PP MP  PK MP  
------------------------------------------------------------------------------------
Alexander Steen          0  2  2   2  0   1  1  1  1  0  0/1    21:58   2:33   1:14 
Andrei Markov            0  1  1   2  0   1  1  1  0  1  0/0    21:15   0:00   0:00 
Andrew Shaw              0  0  0  -1  0   2  2  0  0  0  0/1    14:00   2:33   0:42 
Andy Greene              0  0  0   0  0   2  1  2  1  0  0/0    19:37   1:35   1:13 
Brandon Davidson         0  0  0   0  0   1  0  0  0  1  0/0    12:53   0:00   0:00 
Brett Connolly           0  1  1   0  0   1  2  0  0  0  0/0     9:57   0:00   0:18 
Carl Hagelin             0  0  0   1  0   1  2  1  0  0  2/3    18:25   1:36   1:13 
Chris Kunitz             0  0  0  -1  2   0  2  1  0  0  0/1    11:10   0:00   0:01 
Derek Forbort            0  0  0   0  0   0  0  1  0  0  0/0    16:01   1:35   1:13 
Eric Staal               2  0  2   1  0   8  1  0  4  0  16/22  18:41   2:33   0:09 
Henrik Zetterberg        1  1  2   2  0   4  3  1  0  0  17/28  18:54   1:36   0:00 
Johan Larsson            0  1  1   0  0   0  1  0  0  0  3/6     8:48   0:00   0:00 
Niklas Hjalmarsson       0  0  0   2  0   0  0  0  1  2  0/0    28:31   2:34   0:52 
Ryan Ellis               0  0  0   0  2   0  0  1  0  0  0/0    21:42   2:33   0:52 
Sven Andrighetto         1  0  1   0  0   3  0  0  0  0  0/0     8:48   0:00   0:00 
Vladislav Namestnikov    0  1  1   1  0   4  2  0  0  1  0/2    15:33   0:00   0:00 
Yanni Gourde             0  0  0  -1  0   1  2  0  1  0  1/4     9:59   0:00   0:00 
Zach Parise              1  1  2   2  0   2  2  0  1  0  1/1    19:48   1:36   0:33 

3 Stars

1 - Henrik Zetterberg (CHI)
2 - Eric Staal (CHI)
3 - Zach Parise (CHI)

Power Play

Devils - 0 on 2 Attempt(s) - 0,00%
Blackhawks - 1 on 4 Attempt(s) - 25,00%

Penalty Kill

Devils - 3 on 4 Attempt(s) - 75,00% - Score 0 goal in Penalty Kill
Blackhawks - 2 on 2 Attempt(s) - 100,00% - Score 0 goal in Penalty Kill

Team Stat

Devils - Hits : 23 - Faceoff Wins : 29 - Blocked Shots : 18 - Penalty Minutes : 8
Blackhawks - Hits : 22 - Faceoff Wins : 40 - Blocked Shots : 9 - Penalty Minutes : 4

Official

Referees : TJ Luxmore and Marc Joannette
Linesman : Brian Murphy and Trent Knorr

Game Notes

Scott Darling enters game at 1:08 of 2nd period

Finance

Level 1 -- Attendance: 6000 (100,00%) -- Ticket Income 600 000 $
Level 2 -- Attendance: 4962 (99,24%) -- Ticket Income 297 720 $
Level 3 -- Attendance: 2000 (100,00%) -- Ticket Income 70 000 $
Level 4 -- Attendance: 4000 (100,00%) -- Ticket Income 80 000 $
Luxury Box -- Attendance: 707 (70,70%) -- Ticket Income 141 400 $
Game was played at the United Center.
Total Attendance: 17669 (98,16%)
Total Ticket Income: 1 189 120 $
Other Income: 582 669 $
Total Income: 1 771 789 $

Devils

5 vs 5 Forward 
   Center                   Left Wing                Right Wing               Time % Phy DF OF 
 1 Nazem Kadri              T.J. Oshie               Tyler Johnson            37     1   1  3  
 2 Jeff Skinner             Tanner Pearson           Conor Sheary             31     1   1  3  
 3 Brayden Point            Andrew Cogliano          Tomas Hertl              27     1   2  2  
 4 Dominic Moore            Jannik Hansen            Linden Vey               5      1   2  2  

5 vs 5 Defense 
   Defense                  Defense                                           Time % Phy DF OF 
 1 Shea Weber               Nick Holden                                       35     1   2  2  
 2 Ben Lovejoy              Matt Hunwick                                      35     1   2  2  
 3 Jon Merrill              Dmitry Kulikov                                    30     1   2  2  
 4 Shea Weber               Ben Lovejoy                                       0      1   2  2  

PowerPlay Forward 
   Center                   Left Wing                Right Wing               Time % Phy DF OF 
 1 Nazem Kadri              T.J. Oshie               Tyler Johnson            60     0   0  5  
 2 Jeff Skinner             Tanner Pearson           Conor Sheary             40     0   0  5  

PowerPlay Defense
   Defense                  Defense                                           Time % Phy DF OF 
 1 Shea Weber               Nick Holden                                       60     0   1  4  
 2 Jon Merrill              Matt Hunwick                                      40     0   1  4  

Penalty Kill 4 Players Forward 
   Center                   Wing                     Time % Phy DF OF 
 1 Andrew Cogliano          Tomas Hertl              60     1   4  0  
 2 Jannik Hansen            Linden Vey               40     1   4  0  

Penalty Kill 4 Players Defense
   Defense                  Defense                  Time % Phy DF OF 
 1 Jon Merrill              Nick Holden              40     1   4  0  
 2 Ben Lovejoy              Matt Hunwick             60     1   4  0  

Penalty Kill - 3 Players Forward 
   Forward                                           Time % Phy DF OF 
 1 Andrew Cogliano                                   60     1   4  0  
 2 Tyler Johnson                                     40     1   4  0  

Penalty Kill - 3 Players Defense
   Defense                  Defense                  Time % Phy DF OF 
 1 Shea Weber               Nick Holden              39     1   4  0  
 2 Ben Lovejoy              Matt Hunwick             61     1   4  0  

4 vs 4 Forward 
   Center                   Wing                     Time % Phy DF OF 
 1 T.J. Oshie               Nazem Kadri              50     1   1  3  
 2 Tyler Johnson            Tanner Pearson           50     1   1  3  

4 vs 4 Defense
   Defense                  Defense                  Time % Phy DF OF 
 1 Shea Weber               Nick Holden              50     1   2  2  
 2 Ben Lovejoy              Matt Hunwick             50     1   2  2  

Last Minutes Offensive
   Center                   Left Wing                Right Wing               Defense                  Defense                  
   Nazem Kadri              T.J. Oshie               Tyler Johnson            Shea Weber               Nick Holden              

Last Minutes Defensive
   Center                   Left Wing                Right Wing               Defense                  Defense                  
   Nazem Kadri              T.J. Oshie               Tyler Johnson            Shea Weber               Nick Holden              

Goaltenders
Starting : Steve Mason              
Backup : Scott Darling            

Extra Forwards
Normal : Tomas Hertl, Brayden Point, Conor Sheary - PP : Tomas Hertl, Brayden Point - PK : Conor Sheary
Extra Defensemen
Normal : Jon Merrill, Shea Weber, Ben Lovejoy - PP : Jon Merrill - PK : Shea Weber, Ben Lovejoy
Penalty Shots
T.J. Oshie, Brayden Point, Jeff Skinner, Nazem Kadri, Tanner Pearson
Custom OT Lines Forwards
T.J. Oshie, Nazem Kadri, Tyler Johnson, Tanner Pearson, Jeff Skinner, Andrew Cogliano, Tomas Hertl, Brayden Point, Conor Sheary, Dominic Moore
Custom OT Lines Defensemen
Shea Weber, Nick Holden, Ben Lovejoy, Matt Hunwick, Jon Merrill

Scratches
Alexey Marchenko (Healthy), Ryan Haggerty (Healthy), Nikita Nesterov (Suspend), Petr Straka (Healthy), Michal Neuvirth (Healthy)

Blackhawks

5 vs 5 Forward 
   Center                   Left Wing                Right Wing               Time % Phy DF OF 
 1 Henrik Zetterberg        Zach Parise              Alexander Steen          37     0   1  4  
 2 Eric Staal               Vladislav Namestnikov    Carl Hagelin             33     0   2  3  
 3 Yanni Gourde             Chris Kunitz             Andrew Shaw              17     0   2  3  
 4 Johan Larsson            Sven Andrighetto         Brett Connolly           13     1   2  2  

5 vs 5 Defense 
   Defense                  Defense                                           Time % Phy DF OF 
 1 Andrei Markov            Niklas Hjalmarsson                                40     1   2  2  
 2 Andy Greene              Ryan Ellis                                        30     1   2  2  
 3 Brandon Davidson         Derek Forbort                                     20     1   2  2  
 4 Ryan Ellis               Niklas Hjalmarsson                                10     0   1  4  

PowerPlay Forward 
   Center                   Left Wing                Right Wing               Time % Phy DF OF 
 1 Eric Staal               Alexander Steen          Andrew Shaw              60     0   0  5  
 2 Henrik Zetterberg        Zach Parise              Carl Hagelin             40     0   0  5  

PowerPlay Defense
   Defense                  Defense                                           Time % Phy DF OF 
 1 Ryan Ellis               Niklas Hjalmarsson                                60     0   2  3  
 2 Andy Greene              Derek Forbort                                     40     0   2  3  

Penalty Kill 4 Players Forward 
   Center                   Wing                     Time % Phy DF OF 
 1 Carl Hagelin             Alexander Steen          60     1   2  2  
 2 Zach Parise              Andrew Shaw              40     1   2  2  

Penalty Kill 4 Players Defense
   Defense                  Defense                  Time % Phy DF OF 
 1 Ryan Ellis               Niklas Hjalmarsson       60     1   2  2  
 2 Andy Greene              Derek Forbort            40     1   2  2  

Penalty Kill - 3 Players Forward 
   Forward                                           Time % Phy DF OF 
 1 Andrew Shaw                                       60     1   2  2  
 2 Alexander Steen                                   40     1   2  2  

Penalty Kill - 3 Players Defense
   Defense                  Defense                  Time % Phy DF OF 
 1 Ryan Ellis               Niklas Hjalmarsson       60     1   2  2  
 2 Andy Greene              Derek Forbort            40     1   2  2  

4 vs 4 Forward 
   Center                   Wing                     Time % Phy DF OF 
 1 Chris Kunitz             Alexander Steen          60     1   2  2  
 2 Zach Parise              Andrew Shaw              40     1   2  2  

4 vs 4 Defense
   Defense                  Defense                  Time % Phy DF OF 
 1 Brandon Davidson         Niklas Hjalmarsson       60     1   2  2  
 2 Andy Greene              Derek Forbort            40     1   2  2  

Last Minutes Offensive
   Center                   Left Wing                Right Wing               Defense                  Defense                  
   Eric Staal               Alexander Steen          Andrew Shaw              Ryan Ellis               Niklas Hjalmarsson       

Last Minutes Defensive
   Center                   Left Wing                Right Wing               Defense                  Defense                  
   Eric Staal               Alexander Steen          Andrew Shaw              Ryan Ellis               Niklas Hjalmarsson       

Goaltenders
Starting : Frederik Andersen        
Backup : Mike Condon              

Extra Forwards
Normal : Alexander Steen, Andrew Shaw, Chris Kunitz - PP : Alexander Steen, Zach Parise - PK : Chris Kunitz
Extra Defensemen
Normal : Brandon Davidson, Niklas Hjalmarsson, Andy Greene - PP : Brandon Davidson - PK : Niklas Hjalmarsson, Andy Greene
Penalty Shots
Eric Staal, Alexander Steen, Zach Parise, Andrew Shaw, Carl Hagelin
Custom OT Lines Forwards
Eric Staal, Alexander Steen, Zach Parise, Andrew Shaw, Carl Hagelin, Chris Kunitz, Vladislav Namestnikov, Johan Larsson, Sven Andrighetto, Yanni Gourde
Custom OT Lines Defensemen
Ryan Ellis, Niklas Hjalmarsson, Andy Greene, Derek Forbort, Brandon Davidson

Scratches
Tyler Randell (Healthy), Andreas Martinsen (Healthy), Alex Belzile (Healthy), Morgan Ellis (Healthy)

% Time on Ice - Devils

Lines # - Real PCT - Wanted PCT - Time Play
Normal Forward
1 - 34% - 37% - 17:27
2 - 29% - 31% - 15:12
3 - 24% - 27% - 12:22
4 - 13% - 5% - 6:52
Normal Defense
1 - 34% - 35% - 17:48
2 - 35% - 35% - 17:58
3 - 30% - 30% - 15:28
4 - 1% - 0% - 0:39
PP Forward
1 - 51% - 60% - 1:04
2 - 49% - 40% - 1:01
PP Defense
1 - 66% - 60% - 1:23
2 - 34% - 40% - 0:42
PK Forward
1 - 79% - 60% - 3:17
2 - 21% - 40% - 0:52
PK Defense
1 - 37% - 40% - 1:32
2 - 63% - 60% - 2:37
PK3 Forward
1 - 0% - 60%
2 - 0% - 40%
PK3 Defense
1 - 0% - 39%
2 - 0% - 61%
44 Forward
1 - 49% - 50% - 0:55
2 - 51% - 50% - 0:58
44 Defense
1 - 34% - 50% - 0:38
2 - 66% - 50% - 1:15
Last Minute Offensive  - 0:00
Last Minute Defensive  - 0:00
Total
Forward - 60:00
Defense - 60:00

% Time on Ice - Blackhawks

Lines # - Real PCT - Wanted PCT - Time Play
Normal Forward
1 - 34% - 37% - 17:30
2 - 30% - 33% - 15:36
3 - 19% - 17% - 9:59
4 - 17% - 13% - 8:48
Normal Defense
1 - 40% - 40% - 20:58
2 - 31% - 30% - 15:57
3 - 23% - 20% - 11:52
4 - 6% - 10% - 3:06
PP Forward
1 - 61% - 60% - 2:33
2 - 39% - 40% - 1:36
PP Defense
1 - 62% - 60% - 2:34
2 - 38% - 40% - 1:35
PK Forward
1 - 74% - 60% - 1:32
2 - 26% - 40% - 0:33
PK Defense
1 - 42% - 60% - 0:52
2 - 58% - 40% - 1:13
PK3 Forward
1 - 0% - 60%
2 - 0% - 40%
PK3 Defense
1 - 0% - 60%
2 - 0% - 40%
44 Forward
1 - 81% - 60% - 1:32
2 - 19% - 40% - 0:21
44 Defense
1 - 54% - 60% - 1:01
2 - 46% - 40% - 0:52
Last Minute Offensive  - 0:00
Last Minute Defensive  - 0:00
Total
Forward - 60:00
Defense - 60:00

Play by Play

1st period


0:01 of 1st period - Henrik Zetterberg wins face-off versus Nazem Kadri in neutral zone.
0:08 of 1st period - Snap shot by Henrik Zetterberg.
0:08 of 1st period - Shot Misses the Net.
0:10 of 1st period - Slapshot by Andrei Markov.
0:10 of 1st period - Stopped by Steve Mason with a rebound.
0:12 of 1st period - Snap shot by Henrik Zetterberg.
0:12 of 1st period - Goal by Henrik Zetterberg - Devils : 0 - Blackhawks : 1.
0:13 of 1st period - Eric Staal wins face-off versus Jeff Skinner in neutral zone.
0:30 of 1st period - Icing by Conor Sheary.
0:31 of 1st period - Jeff Skinner wins face-off versus Yanni Gourde in Devils zone.
0:40 of 1st period - Derek Forbort is hit by Ben Lovejoy and loses puck.
1:01 of 1st period - Matt Hunwick is hit by Chris Kunitz and loses puck.
1:08 of 1st period - Ben Lovejoy is hit by Chris Kunitz and loses puck.
1:15 of 1st period - Slapshot by Andrew Shaw.
1:15 of 1st period - Shot Blocked by Ben Lovejoy.
1:25 of 1st period - Snap shot by Andrew Shaw.
1:25 of 1st period - Stopped by Steve Mason with a rebound.
1:39 of 1st period - Slapshot by Conor Sheary.
1:39 of 1st period - Shot Misses the Net.
1:41 of 1st period - Slapshot by Ben Lovejoy.
1:41 of 1st period - Shot Misses the Net.
1:45 of 1st period - Wrist shot by Jeff Skinner.
1:45 of 1st period - Stopped by Frederik Andersen without a rebound.
1:46 of 1st period - Henrik Zetterberg wins face-off versus Brayden Point in Blackhawks zone.
2:13 of 1st period - Niklas Hjalmarsson is hit by T.J. Oshie and loses puck.
2:33 of 1st period - Icing by Jon Merrill.
2:34 of 1st period - Jannik Hansen wins face-off versus Johan Larsson in Devils zone.
2:59 of 1st period - T.J. Oshie is hit by Henrik Zetterberg and loses puck.
3:04 of 1st period - Snap shot by Henrik Zetterberg.
3:04 of 1st period - Shot Blocked by T.J. Oshie.
3:40 of 1st period - Icing by Nick Holden.
3:41 of 1st period - Johan Larsson wins face-off versus Dominic Moore in Devils zone.
3:56 of 1st period - Snap shot by Sven Andrighetto.
3:56 of 1st period - Goal by Sven Andrighetto - Devils : 0 - Blackhawks : 2.
3:57 of 1st period - Henrik Zetterberg wins face-off versus Nazem Kadri in neutral zone.
5:31 of 1st period - Wrist shot by Henrik Zetterberg.
5:31 of 1st period - Shot Misses the Net.
5:33 of 1st period - Wrist shot by Alexander Steen.
5:33 of 1st period - Stopped by Steve Mason without a rebound.
5:34 of 1st period - Henrik Zetterberg wins face-off versus Nazem Kadri in Devils zone.
6:04 of 1st period - Wrist shot by Tomas Hertl.
6:04 of 1st period - Shot Misses the Net.
7:24 of 1st period - Wrist shot by Carl Hagelin.
7:24 of 1st period - Deflect By Eric Staal.
7:24 of 1st period - Stopped by Steve Mason without a rebound.
7:25 of 1st period - Brayden Point wins face-off versus Eric Staal in Devils zone.
7:50 of 1st period - Henrik Zetterberg is hit by T.J. Oshie and loses puck.
8:01 of 1st period - Snap shot by Nazem Kadri.
8:01 of 1st period - Stopped by Frederik Andersen with a rebound.
8:03 of 1st period - Snap shot by Ben Lovejoy.
8:03 of 1st period - Stopped by Frederik Andersen with a rebound.
8:21 of 1st period - Snap shot by Jannik Hansen.
8:21 of 1st period - Stopped by Frederik Andersen with a rebound.
8:23 of 1st period - Wrist shot by Linden Vey.
8:23 of 1st period - Stopped by Frederik Andersen with a rebound.
8:25 of 1st period - Wrist shot by Dominic Moore.
8:25 of 1st period - Shot Misses the Net.
8:35 of 1st period - Andrei Markov is hit by Tanner Pearson and loses puck.
8:56 of 1st period - Wrist shot by Vladislav Namestnikov.
8:56 of 1st period - Stopped by Steve Mason with a rebound.
9:04 of 1st period - Eric Staal is hit by Brayden Point and loses puck.
9:28 of 1st period - Tyler Johnson is hit by Brett Connolly and loses puck.
10:10 of 1st period - Icing by Conor Sheary.
10:11 of 1st period - Brayden Point wins face-off versus Johan Larsson in Devils zone.
10:59 of 1st period - Ben Lovejoy is hit by Henrik Zetterberg and loses puck.
11:10 of 1st period - Slapshot by Henrik Zetterberg.
11:10 of 1st period - Shot Misses the Net.
11:50 of 1st period - Wrist shot by Johan Larsson.
11:50 of 1st period - Shot Blocked by Shea Weber.
12:04 of 1st period - Wrist shot by Vladislav Namestnikov.
12:04 of 1st period - Stopped by Steve Mason without a rebound.
12:05 of 1st period - Eric Staal wins face-off versus Nazem Kadri in Devils zone.
12:08 of 1st period - Backhand shot by Eric Staal.
12:08 of 1st period - Deflect By Vladislav Namestnikov.
12:08 of 1st period - Stopped by Steve Mason with a rebound.
12:10 of 1st period - Snap shot by Eric Staal.
12:10 of 1st period - Shot Blocked by Ben Lovejoy.
12:12 of 1st period - Snap shot by Eric Staal.
12:12 of 1st period - Deflect By Vladislav Namestnikov.
12:12 of 1st period - Shot Blocked by Ben Lovejoy.
12:12 of 1st period - Puck is out of play.
12:13 of 1st period - Nazem Kadri wins face-off versus Henrik Zetterberg in Devils zone.
12:20 of 1st period - Wrist shot by Tyler Johnson.
12:20 of 1st period - Shot Blocked by Alexander Steen.
13:08 of 1st period - Slapshot by Andrew Cogliano.
13:08 of 1st period - Shot Misses the Net.
13:10 of 1st period - Wrist shot by Andrew Cogliano.
13:10 of 1st period - Deflect By Tomas Hertl.
13:10 of 1st period - Shot Misses the Net.
13:10 of 1st period - Puck is out of play.
13:11 of 1st period - Nazem Kadri wins face-off versus Henrik Zetterberg in Blackhawks zone.
13:14 of 1st period - Wrist shot by Nazem Kadri.
13:14 of 1st period - Shot Blocked by Andy Greene.
13:16 of 1st period - Snap shot by Shea Weber.
13:16 of 1st period - Stopped by Frederik Andersen without a rebound.
13:17 of 1st period - Henrik Zetterberg wins face-off versus Nazem Kadri in Blackhawks zone.
13:17 of 1st period - Henrik Zetterberg is hit by T.J. Oshie.
13:32 of 1st period - Icing by Andy Greene.
13:33 of 1st period - Zach Parise wins face-off versus Jeff Skinner in Blackhawks zone.
13:40 of 1st period - Snap shot by Alexander Steen.
13:40 of 1st period - Shot Misses the Net.
13:42 of 1st period - Slapshot by Andy Greene.
13:42 of 1st period - Shot Blocked by Matt Hunwick.
13:44 of 1st period - Slapshot by Andy Greene.
13:44 of 1st period - Shot Misses the Net.
13:46 of 1st period - Slapshot by Zach Parise.
13:46 of 1st period - Deflect By Alexander Steen.
13:46 of 1st period - Shot Misses the Net.
13:46 of 1st period - Puck is out of play.
13:47 of 1st period - Nazem Kadri wins face-off versus Eric Staal in Devils zone.
13:47 of 1st period - Nazem Kadri is hit by Vladislav Namestnikov.
14:03 of 1st period - Nazem Kadri is hit by Eric Staal and loses puck.
14:30 of 1st period - Wrist shot by Zach Parise.
14:30 of 1st period - Shot Misses the Net.
14:49 of 1st period - Wrist shot by Tanner Pearson.
14:49 of 1st period - Stopped by Frederik Andersen with a rebound.
14:51 of 1st period - Snap shot by Conor Sheary.
14:51 of 1st period - Deflect By Andrew Shaw.
14:51 of 1st period - Shot Blocked by Chris Kunitz.
14:51 of 1st period - Puck is out of play.
14:52 of 1st period - Eric Staal wins face-off versus Nazem Kadri in Blackhawks zone.
14:52 of 1st period - Eric Staal is hit by Ben Lovejoy.
15:01 of 1st period - Icing by Derek Forbort.
15:02 of 1st period - Eric Staal wins face-off versus Tyler Johnson in Blackhawks zone.
15:02 of 1st period - Eric Staal is hit by Nazem Kadri.
15:14 of 1st period - Snap shot by Nazem Kadri.
15:14 of 1st period - Shot Misses the Net.
15:16 of 1st period - Slapshot by Ben Lovejoy.
15:16 of 1st period - Shot Blocked by Carl Hagelin.
15:20 of 1st period - Wrist shot by T.J. Oshie.
15:20 of 1st period - Stopped by Frederik Andersen without a rebound.
15:21 of 1st period - Jeff Skinner wins face-off versus Henrik Zetterberg in Blackhawks zone.
15:26 of 1st period - Snap shot by Tanner Pearson.
15:26 of 1st period - Shot Misses the Net.
15:28 of 1st period - Wrist shot by Conor Sheary.
15:28 of 1st period - Shot Misses the Net.
15:30 of 1st period - Slapshot by Dmitry Kulikov.
15:30 of 1st period - Stopped by Frederik Andersen without a rebound.
15:31 of 1st period - Jeff Skinner wins face-off versus Henrik Zetterberg in Blackhawks zone.
15:36 of 1st period - Wrist shot by Tanner Pearson.
15:36 of 1st period - Deflect By Conor Sheary.
15:36 of 1st period - Stopped by Frederik Andersen with a rebound.
15:38 of 1st period - Snap shot by Jon Merrill.
15:38 of 1st period - Shot Misses the Net.
15:42 of 1st period - Snap shot by Jeff Skinner.
15:42 of 1st period - Stopped by Frederik Andersen without a rebound.
15:43 of 1st period - Nazem Kadri wins face-off versus Eric Staal in Blackhawks zone.
16:17 of 1st period - Wrist shot by Andrew Cogliano.
16:17 of 1st period - Deflect By Tomas Hertl.
16:17 of 1st period - Stopped by Frederik Andersen without a rebound.
16:18 of 1st period - Nazem Kadri wins face-off versus Alexander Steen in Blackhawks zone.
16:19 of 1st period - Snap shot by T.J. Oshie.
16:19 of 1st period - Stopped by Frederik Andersen with a rebound.
16:31 of 1st period - Snap shot by Henrik Zetterberg.
16:31 of 1st period - Shot Misses the Net.
16:33 of 1st period - Slapshot by Ryan Ellis.
16:33 of 1st period - Shot Misses the Net.
16:35 of 1st period - Wrist shot by Ryan Ellis.
16:35 of 1st period - Shot Blocked by Jon Merrill.
16:46 of 1st period - Icing by Eric Staal.
16:47 of 1st period - Jeff Skinner wins face-off versus Eric Staal in Blackhawks zone.
16:48 of 1st period - Snap shot by Conor Sheary.
16:48 of 1st period - Shot Hit the Post.
16:56 of 1st period - Snap shot by Eric Staal.
16:56 of 1st period - Stopped by Steve Mason without a rebound.
16:57 of 1st period - Nazem Kadri wins face-off versus Henrik Zetterberg in Devils zone.
17:12 of 1st period - Snap shot by Nazem Kadri.
17:12 of 1st period - Stopped by Frederik Andersen without a rebound.
17:13 of 1st period - Eric Staal wins face-off versus Brayden Point in Blackhawks zone.
17:18 of 1st period - Snap shot by Carl Hagelin.
17:18 of 1st period - Stopped by Steve Mason with a rebound.
17:20 of 1st period - Snap shot by Carl Hagelin.
17:20 of 1st period - Shot Misses the Net.
17:22 of 1st period - Slapshot by Niklas Hjalmarsson.
17:22 of 1st period - Shot Misses the Net.
17:24 of 1st period - Snap shot by Eric Staal.
17:24 of 1st period - Shot Blocked by Andrew Cogliano.
17:26 of 1st period - Wrist shot by Eric Staal.
17:26 of 1st period - Stopped by Steve Mason without a rebound.
17:27 of 1st period - Henrik Zetterberg wins face-off versus Jeff Skinner in Devils zone.
17:30 of 1st period - Snap shot by Alexander Steen.
17:30 of 1st period - Shot Misses the Net.
17:57 of 1st period - Snap shot by Vladislav Namestnikov.
17:57 of 1st period - Shot Hit the Post.
17:59 of 1st period - Wrist shot by Eric Staal.
17:59 of 1st period - Stopped by Steve Mason without a rebound.
18:00 of 1st period - Carl Hagelin wins face-off versus Brayden Point in Devils zone.
18:07 of 1st period - Slapshot by Eric Staal.
18:07 of 1st period - Shot Blocked by Ben Lovejoy.
18:09 of 1st period - Slapshot by Andy Greene.
18:09 of 1st period - Stopped by Steve Mason with a rebound.
18:11 of 1st period - Snap shot by Carl Hagelin.
18:11 of 1st period - Shot Misses the Net.
18:13 of 1st period - Wrist shot by Vladislav Namestnikov.
18:13 of 1st period - Shot Blocked by Matt Hunwick.
18:15 of 1st period - Snap shot by Eric Staal.
18:15 of 1st period - Deflect By Vladislav Namestnikov.
18:15 of 1st period - Shot Misses the Net.
18:15 of 1st period - Puck is out of play.
18:16 of 1st period - Henrik Zetterberg wins face-off versus Nazem Kadri in Devils zone.
18:29 of 1st period - Snap shot by Zach Parise.
18:29 of 1st period - Deflect By Henrik Zetterberg.
18:29 of 1st period - Shot Blocked by T.J. Oshie.
18:29 of 1st period - Puck is out of play.
18:30 of 1st period - Eric Staal wins face-off versus Conor Sheary in Devils zone.
18:55 of 1st period - Eric Staal is hit by Tyler Johnson and loses puck.
19:16 of 1st period - Snap shot by Vladislav Namestnikov.
19:16 of 1st period - Stopped by Steve Mason without a rebound.
19:17 of 1st period - Brayden Point wins face-off versus Henrik Zetterberg in Devils zone.
Goals for this period are 0 for Devils vs 2 for Blackhawks.
Shots for this period are 14 for Devils vs 15 for Blackhawks.

2nd period


0:01 of 2nd period - Henrik Zetterberg wins face-off versus Tyler Johnson in neutral zone.
0:12 of 2nd period - Snap shot by Alexander Steen.
0:12 of 2nd period - Shot Blocked by T.J. Oshie.
0:14 of 2nd period - Wrist shot by Zach Parise.
0:14 of 2nd period - Shot Blocked by Shea Weber.
0:16 of 2nd period - Slapshot by Alexander Steen.
0:16 of 2nd period - Shot Misses the Net.
0:26 of 2nd period - Sven Andrighetto is hit by Nick Holden and loses puck.
0:37 of 2nd period - Snap shot by Brayden Point.
0:37 of 2nd period - Deflect By Andrew Cogliano.
0:37 of 2nd period - Goal by Andrew Cogliano - Devils : 1 - Blackhawks : 2.
0:38 of 2nd period - Henrik Zetterberg wins face-off versus Jeff Skinner in neutral zone.
0:52 of 2nd period - Wrist shot by Henrik Zetterberg.
0:52 of 2nd period - Stopped by Steve Mason with a rebound.
0:54 of 2nd period - Wrist shot by Zach Parise.
0:54 of 2nd period - Goal by Zach Parise - Devils : 1 - Blackhawks : 3.
0:55 of 2nd period - Nazem Kadri wins face-off versus Yanni Gourde in neutral zone.
1:03 of 2nd period - Minor Penalty to Nazem Kadri for Interference.
1:04 of 2nd period - Eric Staal wins face-off versus Andrew Cogliano in Devils zone.
1:06 of 2nd period - Snap shot by Eric Staal.
1:06 of 2nd period - Shot Misses the Net.
1:08 of 2nd period - Snap shot by Eric Staal.
1:08 of 2nd period - Goal by Eric Staal - Devils : 1 - Blackhawks : 4.
1:08 of 2nd period - Scott Darling enters game.
1:09 of 2nd period - Eric Staal wins face-off versus Brayden Point in neutral zone.
1:18 of 2nd period - Snap shot by Andrew Cogliano.
1:18 of 2nd period - Shot Blocked by Andrei Markov.
1:20 of 2nd period - Slapshot by Shea Weber.
1:20 of 2nd period - Stopped by Frederik Andersen without a rebound.
1:21 of 2nd period - Henrik Zetterberg wins face-off versus Nazem Kadri in Blackhawks zone.
2:08 of 2nd period - Snap shot by Yanni Gourde.
2:08 of 2nd period - Stopped by Scott Darling without a rebound.
2:09 of 2nd period - Brayden Point wins face-off versus Yanni Gourde in Devils zone.
2:22 of 2nd period - Wrist shot by Brayden Point.
2:22 of 2nd period - Stopped by Frederik Andersen without a rebound.
2:23 of 2nd period - T.J. Oshie wins face-off versus Henrik Zetterberg in Blackhawks zone.
2:26 of 2nd period - Snap shot by Tyler Johnson.
2:26 of 2nd period - Shot Misses the Net.
2:54 of 2nd period - Wrist shot by Tanner Pearson.
2:54 of 2nd period - Shot Misses the Net.
2:56 of 2nd period - Snap shot by Jeff Skinner.
2:56 of 2nd period - Shot Misses the Net.
4:36 of 2nd period - Snap shot by Tyler Johnson.
4:36 of 2nd period - Shot Misses the Net.
4:38 of 2nd period - Snap shot by Nazem Kadri.
4:38 of 2nd period - Shot Misses the Net.
4:40 of 2nd period - Snap shot by Nazem Kadri.
4:40 of 2nd period - Stopped by Frederik Andersen without a rebound.
4:41 of 2nd period - Henrik Zetterberg wins face-off versus Jeff Skinner in Blackhawks zone.
5:06 of 2nd period - Andy Greene is hit by Jannik Hansen and loses puck.
5:34 of 2nd period - Off-side.
5:35 of 2nd period - Eric Staal wins face-off versus Jeff Skinner in neutral zone.
5:44 of 2nd period - Wrist shot by Vladislav Namestnikov.
5:44 of 2nd period - Shot Blocked by Shea Weber.
5:46 of 2nd period - Wrist shot by Brandon Davidson.
5:46 of 2nd period - Stopped by Scott Darling with a rebound.
7:29 of 2nd period - Icing by Andrei Markov.
7:30 of 2nd period - Eric Staal wins face-off versus Nazem Kadri in Blackhawks zone.
7:39 of 2nd period - Snap shot by Eric Staal.
7:39 of 2nd period - Stopped by Scott Darling with a rebound.
7:57 of 2nd period - Ben Lovejoy is hit by Zach Parise and loses puck.
8:12 of 2nd period - Jannik Hansen is hit by Zach Parise and loses puck.
8:41 of 2nd period - Wrist shot by Andrew Shaw.
8:41 of 2nd period - Stopped by Scott Darling with a rebound.
10:06 of 2nd period - Jon Merrill is hit by Yanni Gourde and loses puck.
10:28 of 2nd period - Ryan Ellis is hit by Linden Vey and loses puck.
10:45 of 2nd period - Andrei Markov is hit by Dmitry Kulikov and loses puck.
11:34 of 2nd period - Ben Lovejoy is hit by Henrik Zetterberg and loses puck.
12:08 of 2nd period - Chris Kunitz is hit by Jon Merrill and loses puck.
15:24 of 2nd period - Snap shot by Conor Sheary.
15:24 of 2nd period - Stopped by Frederik Andersen with a rebound.
15:58 of 2nd period - Henrik Zetterberg is hit by Tyler Johnson and loses puck.
16:29 of 2nd period - Minor Penalty to Chris Kunitz for Slashing.
16:30 of 2nd period - Carl Hagelin wins face-off versus Nazem Kadri in Blackhawks zone.
17:01 of 2nd period - Slapshot by Conor Sheary.
17:01 of 2nd period - Shot Blocked by Andy Greene.
17:03 of 2nd period - Slapshot by Shea Weber.
17:03 of 2nd period - Stopped by Frederik Andersen without a rebound.
17:04 of 2nd period - Nazem Kadri wins face-off versus Carl Hagelin in Blackhawks zone.
17:29 of 2nd period - Conor Sheary is hit by Andrew Shaw and loses puck.
18:29 of 2nd period - Penalty to Chris Kunitz is over, Chris Kunitz is back on ice.
18:36 of 2nd period - Chris Kunitz is hit by Nazem Kadri and loses puck.
18:51 of 2nd period - Backhand shot by Sven Andrighetto.
18:51 of 2nd period - Stopped by Scott Darling with a rebound.
19:03 of 2nd period - Alexander Steen is hit by Dominic Moore and loses puck.
19:22 of 2nd period - Shea Weber is hit by Carl Hagelin and loses puck.
Goals for this period are 1 for Devils vs 2 for Blackhawks.
Shots for this period are 6 for Devils vs 8 for Blackhawks.

3rd period


0:01 of 3rd period - Nazem Kadri wins face-off versus Henrik Zetterberg in neutral zone.
0:06 of 3rd period - Slapshot by Shea Weber.
0:06 of 3rd period - Stopped by Frederik Andersen without a rebound.
0:07 of 3rd period - Nazem Kadri wins face-off versus Henrik Zetterberg in Blackhawks zone.
0:20 of 3rd period - Snap shot by Nazem Kadri.
0:20 of 3rd period - Stopped by Frederik Andersen without a rebound.
0:21 of 3rd period - Eric Staal wins face-off versus Nazem Kadri in Blackhawks zone.
0:37 of 3rd period - Snap shot by T.J. Oshie.
0:37 of 3rd period - Stopped by Frederik Andersen with a rebound.
0:47 of 3rd period - Jeff Skinner is hit by Alexander Steen and loses puck.
1:10 of 3rd period - Snap shot by Brayden Point.
1:10 of 3rd period - Stopped by Frederik Andersen without a rebound.
1:11 of 3rd period - Yanni Gourde wins face-off versus Brayden Point in Blackhawks zone.
1:34 of 3rd period - Minor Penalty to Ben Lovejoy for Hooking.
1:35 of 3rd period - Eric Staal wins face-off versus Andrew Cogliano in Devils zone.
1:37 of 3rd period - Snap shot by Alexander Steen.
1:37 of 3rd period - Shot Misses the Net.
1:43 of 3rd period - Snap shot by Andrew Cogliano.
1:43 of 3rd period - Shot Misses the Net.
1:45 of 3rd period - Slapshot by Shea Weber.
1:45 of 3rd period - Shot Blocked by Ryan Ellis.
1:47 of 3rd period - Slapshot by Matt Hunwick.
1:47 of 3rd period - Shot Misses the Net.
1:49 of 3rd period - Slapshot by Shea Weber.
1:49 of 3rd period - Stopped by Frederik Andersen without a rebound.
1:50 of 3rd period - Eric Staal wins face-off versus Andrew Cogliano in Blackhawks zone.
2:13 of 3rd period - Icing by Andrew Shaw.
2:14 of 3rd period - Eric Staal wins face-off versus Andrew Cogliano in Blackhawks zone.
2:37 of 3rd period - Ryan Ellis is hit by Tomas Hertl and loses puck.
3:34 of 3rd period - Penalty to Ben Lovejoy is over, Ben Lovejoy is back on ice.
3:50 of 3rd period - Snap shot by Sven Andrighetto.
3:50 of 3rd period - Stopped by Scott Darling without a rebound.
3:51 of 3rd period - Tyler Johnson wins face-off versus Johan Larsson in Devils zone.
4:35 of 3rd period - Vladislav Namestnikov is hit by Jeff Skinner and loses puck.
4:59 of 3rd period - Tomas Hertl is hit by Johan Larsson and loses puck.
5:06 of 3rd period - Slapshot by Dmitry Kulikov.
5:06 of 3rd period - Stopped by Frederik Andersen without a rebound.
5:07 of 3rd period - Henrik Zetterberg wins face-off versus Nazem Kadri in Blackhawks zone.
5:34 of 3rd period - Conor Sheary is hit by Andy Greene and loses puck.
5:49 of 3rd period - Minor Penalty to Ben Lovejoy for Hooking.
5:50 of 3rd period - Andrew Cogliano wins face-off versus Andrew Shaw in Devils zone.
5:55 of 3rd period - Minor Penalty to Ryan Ellis for Roughing.
5:56 of 3rd period - T.J. Oshie wins face-off versus Chris Kunitz in Blackhawks zone.
5:57 of 3rd period - Snap shot by Nazem Kadri.
5:57 of 3rd period - Shot Hit the Post.
7:43 of 3rd period - Brayden Point is hit by Brett Connolly and loses puck.
7:49 of 3rd period - Penalty to Ben Lovejoy is over, Ben Lovejoy is back on ice.
7:54 of 3rd period - Slapshot by Shea Weber.
7:54 of 3rd period - Stopped by Frederik Andersen without a rebound.
7:55 of 3rd period - Penalty to Ryan Ellis is over, Ryan Ellis is back on ice.
7:55 of 3rd period - Tomas Hertl wins face-off versus Eric Staal in Blackhawks zone.
7:56 of 3rd period - Wrist shot by Brayden Point.
7:56 of 3rd period - Stopped by Frederik Andersen with a rebound.
7:58 of 3rd period - Backhand shot by Shea Weber.
7:58 of 3rd period - Stopped by Frederik Andersen without a rebound.
7:59 of 3rd period - Brayden Point wins face-off versus Eric Staal in Blackhawks zone.
8:08 of 3rd period - Slapshot by Andrei Markov.
8:08 of 3rd period - Shot Blocked by Shea Weber.
8:10 of 3rd period - Wrist shot by Vladislav Namestnikov.
8:10 of 3rd period - Shot Misses the Net.
8:26 of 3rd period - Henrik Zetterberg is hit by Nazem Kadri and loses puck.
8:33 of 3rd period - Wrist shot by Tyler Johnson.
8:33 of 3rd period - Stopped by Frederik Andersen with a rebound.
8:53 of 3rd period - Slapshot by Chris Kunitz.
8:53 of 3rd period - Shot Misses the Net.
9:10 of 3rd period - Icing by Sven Andrighetto.
9:11 of 3rd period - Johan Larsson wins face-off versus Nazem Kadri in Blackhawks zone.
9:11 of 3rd period - Johan Larsson is hit by Nazem Kadri.
9:31 of 3rd period - Snap shot by Brett Connolly.
9:31 of 3rd period - Stopped by Scott Darling without a rebound.
9:32 of 3rd period - Henrik Zetterberg wins face-off versus Jeff Skinner in Devils zone.
9:35 of 3rd period - Snap shot by Alexander Steen.
9:35 of 3rd period - Deflect By Henrik Zetterberg.
9:35 of 3rd period - Stopped by Scott Darling without a rebound.
9:36 of 3rd period - Henrik Zetterberg wins face-off versus Jeff Skinner in Devils zone.
10:26 of 3rd period - Icing by Carl Hagelin.
10:27 of 3rd period - Linden Vey wins face-off versus Vladislav Namestnikov in Blackhawks zone.
10:34 of 3rd period - Snap shot by Jannik Hansen.
10:34 of 3rd period - Stopped by Frederik Andersen without a rebound.
10:35 of 3rd period - Henrik Zetterberg wins face-off versus Nazem Kadri in Blackhawks zone.
10:42 of 3rd period - Wrist shot by Zach Parise.
10:42 of 3rd period - Shot Blocked by Matt Hunwick.
10:44 of 3rd period - Snap shot by Henrik Zetterberg.
10:44 of 3rd period - Stopped by Scott Darling with a rebound.
10:46 of 3rd period - Snap shot by Zach Parise.
10:46 of 3rd period - Stopped by Scott Darling without a rebound.
10:47 of 3rd period - Nazem Kadri wins face-off versus Henrik Zetterberg in Devils zone.
10:47 of 3rd period - Nazem Kadri is hit by Andrei Markov.
11:16 of 3rd period - Snap shot by Eric Staal.
11:16 of 3rd period - Goal by Eric Staal - Devils : 1 - Blackhawks : 5.
11:17 of 3rd period - Henrik Zetterberg wins face-off versus Nazem Kadri in neutral zone.
11:44 of 3rd period - Matt Hunwick is hit by Vladislav Namestnikov and loses puck.
11:59 of 3rd period - Minor Penalty to Conor Sheary for Tripping.
12:00 of 3rd period - Eric Staal wins face-off versus Andrew Cogliano in Devils zone.
12:03 of 3rd period - Wrist shot by Eric Staal.
12:03 of 3rd period - Stopped by Scott Darling with a rebound.
12:25 of 3rd period - Tomas Hertl is hit by Carl Hagelin and loses puck.
12:34 of 3rd period - Snap shot by Carl Hagelin.
12:34 of 3rd period - Shot Blocked by Tomas Hertl.
13:59 of 3rd period - Penalty to Conor Sheary is over, Conor Sheary is back on ice.
14:33 of 3rd period - Wrist shot by Shea Weber.
14:33 of 3rd period - Stopped by Frederik Andersen without a rebound.
14:34 of 3rd period - Johan Larsson wins face-off versus Jeff Skinner in Blackhawks zone.
15:41 of 3rd period - Wrist shot by Dominic Moore.
15:41 of 3rd period - Deflect By Jannik Hansen.
15:41 of 3rd period - Goal by Jannik Hansen - Devils : 2 - Blackhawks : 5.
15:42 of 3rd period - Henrik Zetterberg wins face-off versus Nazem Kadri in neutral zone.
16:11 of 3rd period - Andrei Markov is hit by Jon Merrill and loses puck.
16:43 of 3rd period - Conor Sheary is hit by Yanni Gourde and loses puck.
16:54 of 3rd period - Snap shot by Jeff Skinner.
16:54 of 3rd period - Stopped by Frederik Andersen with a rebound.
17:18 of 3rd period - Snap shot by Andrew Shaw.
17:18 of 3rd period - Deflect By Yanni Gourde.
17:18 of 3rd period - Shot Blocked by Tanner Pearson.
17:18 of 3rd period - Puck is out of play.
17:19 of 3rd period - Nazem Kadri wins face-off versus Henrik Zetterberg in Devils zone.
17:34 of 3rd period - Snap shot by T.J. Oshie.
17:34 of 3rd period - Deflect By Nazem Kadri.
17:34 of 3rd period - Shot Blocked by Henrik Zetterberg.
17:34 of 3rd period - Puck is out of play.
17:35 of 3rd period - Eric Staal wins face-off versus Brayden Point in Blackhawks zone.
17:42 of 3rd period - Snap shot by Tomas Hertl.
17:42 of 3rd period - Stopped by Frederik Andersen with a rebound.
17:46 of 3rd period - Snap shot by Brayden Point.
17:46 of 3rd period - Stopped by Frederik Andersen with a rebound.
17:48 of 3rd period - Snap shot by Andrew Cogliano.
17:48 of 3rd period - Stopped by Frederik Andersen with a rebound.
18:33 of 3rd period - Slapshot by Andy Greene.
18:33 of 3rd period - Stopped by Scott Darling with a rebound.
18:45 of 3rd period - Ben Lovejoy is hit by Andrew Shaw and loses puck.
19:37 of 3rd period - Wrist shot by T.J. Oshie.
19:37 of 3rd period - Deflect By Tyler Johnson.
19:37 of 3rd period - Stopped by Frederik Andersen with a rebound.
19:39 of 3rd period - Slapshot by Matt Hunwick.
19:39 of 3rd period - Shot Blocked by Derek Forbort.
19:51 of 3rd period - Brandon Davidson is hit by Conor Sheary and loses puck.
19:56 of 3rd period - Wrist shot by Jeff Skinner.
19:56 of 3rd period - Shot Misses the Net.
19:58 of 3rd period - Backhand shot by Conor Sheary.
19:58 of 3rd period - Stopped by Frederik Andersen without a rebound.
19:59 of 3rd period - Nazem Kadri wins face-off versus Vladislav Namestnikov in Blackhawks zone.
Goals for this period are 1 for Devils vs 1 for Blackhawks.
Shots for this period are 19 for Devils vs 8 for Blackhawks.